Cogmind - Beta 15 @@@ ROGUE MODE // 2025.05.29 @ 14:11:17 Player: Elias Result: Destroyed by G-47 Trooper with Particle Gun Performance ------------- Evolutions (1) 500 Regions Visited (5) 1000 Robots Destroyed (38) 190 Value Destroyed (724) 724 Prototype IDs (1) 20 Alien Tech Used (0) 0 Bonus (0) 0 TOTAL SCORE: 2434 Bonus ------- None Cogmind --------- Core Integrity 0/400 Matter 261/300 Energy 99/100 System Corruption 1% Temperature Cool (9) Movement Core (50) Location -8/Mines Parts ------- > --- POWER (1) -------- (None) > --- PROPULSION (3) --- (None) > --- UTILITY (3) ------ (None) > --- WEAPON (2) ------- (None) > --- INVENTORY (5) ---- Light Nuclear Core Aluminum Leg Improved Heat Sink Particle Cannon Autogun Peak State ------------ > --- POWER ------------ Heavy Ion Engine > --- PROPULSION ------- Light Treads Light Treads Light Treads > --- UTILITY ---------- Huge Storage Unit Signal Interpreter Seismic Detector > --- WEAPON ----------- Autogun Autogun > --- INVENTORY -------- Ion Engine Light Nuclear Core Light Nuclear Core Light Treads Aluminum Leg Improved Heat Sink Utility Shielding Small Laser Particle Cannon Autogun Autogun [Rating: 15] Favorites ----------- Power Heavy Ion Engine Engine Heavy Ion Engine Propulsion Light Treads Treads Light Treads Leg Aluminum Leg Utility Huge Storage Unit Device Seismic Detector Storage Huge Storage Unit Processor Signal Interpreter Protection Utility Shielding Weapon Autogun Energy Gun Small Laser Ballistic Gun Autogun Launcher Rocket Launcher Build | -11 -10 -9 -9 -9 -8 ------- Run | Yrd Mat Mat Min Exi Min Slots Evolved 2 | . . 2 . . . Power . | . . . . . . Propulsion 1 | . . 1 . . . Utility 1 | . . 1 . . . Weapon . | . . . . . . Parts Attached 21 | 7 7 2 5 . . Power 2 | 1 1 . . . . Engine 2 | 1 1 . . . . Core . | . . . . . . Reactor . | . . . . . . Propulsion 6 | 2 2 1 1 . . Treads 4 | . 2 1 1 . . Leg 2 | 2 . . . . . Wheel . | . . . . . . Hover . | . . . . . . Flight . | . . . . . . Utility 6 | 2 2 1 1 . . Device 2 | 1 1 . . . . Storage 2 | 1 1 . . . . Processor 1 | . . 1 . . . Hackware . | . . . . . . Protection 1 | . . . 1 . . Artifact . | . . . . . . Weapon 7 | 2 2 . 3 . . Energy Gun 1 | 1 . . . . . Energy Cannon . | . . . . . . Ballistic Gun 5 | 1 2 . 2 . . Ballistic Cannon . | . . . . . . Launcher 1 | . . . 1 . . Special Weapon . | . . . . . . Impact Weapon . | . . . . . . Slashing Weapon . | . . . . . . Piercing Weapon . | . . . . . . Special Melee Weapon . | . . . . . . Unidentified Prototypes 1 | . 1 . . . . Parts Lost 7 | . 1 . 3 3 . Power 1 | . . . . 1 . Propulsion 2 | . . . 1 1 . Utility 2 | . 1 . 1 . . Weapon 2 | . . . 1 1 . Highest Loss Streak 3 | . 1 . 2 3 . To Critical Strikes 1 | . . . . 1 . Average Backups 10 | 3 7 10 11 10 5 Power 2 | . 2 3 3 2 1 Propulsion 1 | 1 2 1 1 1 1 Utility 1 | . . 2 1 1 1 Weapon 5 | . 3 4 5 5 2 Tool/Special . | . . . . . . Unused Backups 8 | . 1 . . 4 3 Power 3 | . 1 . . 1 1 Propulsion . | . . . . . . Utility 1 | . . . . . 1 Weapon 4 | . . . . 3 1 Tool/Special . | . . . . . . Average Slot Usage (%) 90 | . 97 96 92 89 . Engine 11 | . 14 11 11 10 . Treads 26 | . 22 33 27 30 . Device 4 | . 11 11 2 . . Storage 11 | . 14 11 11 10 . Processor 8 | . . 7 11 10 . Protection 4 | . . . 6 10 . Ballistic Gun 18 | . 24 22 17 10 . Launcher 3 | . . . 3 9 . Peak Build Rating 15 | 7 13 15 15 15 1 Average Rating 13 | 4 10 13 14 13 1 On Entrance 8 | . 7 13 15 15 1 Naked Turns 98 | . . . . 11 87 Heaviest Build 96 | 14 95 95 96 96 . Greatest Support 60 | 20 40 60 60 60 3 Greatest Overweight (x) 4 | . 2 1 4 1 . Average Overweight (x) . | . . 1 1 . . Largest Inventory Capacity 25 | 8 25 25 25 25 5 Average Capacity 21 | 6 12 25 25 22 5 Most Carried 13 | 5 11 12 13 11 5 Average Carried 10 | 3 7 10 11 10 5 Final Capacity 25 | 8 25 25 25 5 5 Final Carried 12 | 4 11 12 11 5 5 Class Distribution -------------------- 100% | Mutant Dominant Class ---------------- Mutant | -10/Materials Mutant | -9/Materials Mutant | -9/Mines Mutant | -9/Exiles Mutant | -8/Mines Resources | -11 -10 -9 -9 -9 -8 ----------- Run | Yrd Mat Mat Min Exi Min Matter Collected 931 | 275 371 84 201 . . Remotely . | . . . . . . Salvage Created 1038 | 125 470 135 308 . . Parts 57 | 5 23 7 22 . . Haulers Intercepted 1 | . 1 . . . . Recyclers Shooed 1 | . 1 . . . . Parts Field Recycled . | . . . . . . Retrieved Matter . | . . . . . . Parts Self-Destructed . | . . . . . . Prevented . | . . . . . . Kills | -11 -10 -9 -9 -9 -8 ------- Run | Yrd Mat Mat Min Exi Min Combat Hostiles Destroyed 24 | . 6 3 15 . . Guns 14 | . 6 3 5 . . AOE 10 | . . . 10 . . Classes Destroyed 10 | 2 4 2 2 . . Worker 2 | . 1 . 1 . . Tunneler 4 | 2 1 . 1 . . Hauler 1 | . 1 . . . . Recycler 3 | 1 1 . 1 . . Watcher 4 | . 2 2 . . . Swarmer 12 | . . 2 10 . . Grunt 9 | . 6 . 3 . . Brawler 1 | . . . 1 . . Duelist 1 | . . . 1 . . Sentry 1 | . . 1 . . . Best Kill Streak 6 | 3 6 4 4 . . Combat Bots Only 4 | . 3 3 4 . . Max Kills in Single Turn 4 | 1 2 1 4 . . Gunslinging . | . . . . . . Exploded 4 | . . . 4 . . Melee . | . . . . . . Uniques/NPCs Destroyed . | . . . . . . Combat | -11 -10 -9 -9 -9 -8 -------- Run | Yrd Mat Mat Min Exi Min Hostile Shots Fired 130 | . 38 7 45 29 11 Missed 33 | . 9 2 13 7 2 Hits 97 | . 29 5 32 22 9 Melee 7 | . . . 3 3 1 Projectile 90 | . 29 5 29 19 8 Critical Strikes 7 | . . . 1 5 1 Damage Taken 1517 | . 360 60 441 479 177 Core 495 | . 84 25 52 157 177 Absorbed by Shields . | . . . . . . Redirected to Shielding 15 | . . . . 15 . Core Remaining (%) 83 | 100 66 . . . . Volleys Fired 77 | 5 42 8 22 . . Largest 2 | 2 2 2 2 . . Hottest 60 | 60 60 46 56 . . Shots Fired 143 | 10 84 16 32 1 . Gun 136 | 10 84 16 25 1 . Cannon . | . . . . . . Launcher 7 | . . . 7 . . Special . | . . . . . . Kinetic 123 | 5 76 16 25 1 . Thermal 13 | 5 8 . . . . Explosive 7 | . . . 7 . . Electromagnetic . | . . . . . . Robot Hit Streak 11 | 7 7 11 11 . . Robot Miss Streak 4 | 1 4 2 1 1 . Penetration Max . | . . . . . . Secondary Targets 1 | . . . 1 . . Max Gunslinging Chain 1 | . . . 1 . . Shots Hit Robots 88 | 8 46 11 23 . . Core Hits 52 | 4 19 6 22 . 1 Critical Kills . | . . . . . . Critical Parts Destroyed . | . . . . . . Critical Strikes . | . . . . . . Melee Attacks . | . . . . . . Impact . | . . . . . . Slashing . | . . . . . . Piercing . | . . . . . . Sneak Attacks . | . . . . . . Combat Hostiles . | . . . . . . Follow-up Attacks . | . . . . . . Damage Inflicted 1928 | 93 649 170 1008 . 8 Guns 1235 | 93 649 170 323 . . Cannons . | . . . . . . Explosions 661 | . . . 661 . . Melee . | . . . . . . Ramming 32 | . . . 24 . 8 Kinetic 1150 | 52 605 170 323 . . Thermal 85 | 41 44 . . . . Explosive 661 | . . . 661 . . Electromagnetic . | . . . . . . Impact . | . . . . . . Slashing . | . . . . . . Piercing . | . . . . . . Highest Corruption 1 | . . 1 1 1 1 Average Corruption 1 | . . 1 1 1 1 Corruption Purged . | . . . . . . Corruption Blocked . | . . . . . . Effects 21 | . . . 20 1 . Message Errors 3 | . . . 3 . . Matter Fused 6 | . . . 6 . . Heat Flow Errors 2 | . . . 2 . . Energy Discharges 4 | . . . 4 . . Parts Fused 1 | . . . 1 . . Data Loss (minor) 3 | . . . 3 . . Data Loss (major) 1 | . . . 1 . . Misfires 1 | . . . . 1 . Overload Shots . | . . . . . . Overflow Damage . | . . . . . . Projectiles . | . . . . . . Explosions . | . . . . . . Melee . | . . . . . . Knockbacks 3 | . . . 2 . 1 Impact 3 | . . . 2 . 1 Kinetic . | . . . . . . Secondary . | . . . . . . Self-Inflicted Damage 77 | . . . 74 . 3 Shots 2 | . . . 2 . . Rammed 10 | . . . 5 . 5 Targets Rammed 11 | . . . 6 . 5 Kicked . | . . . . . . Crushed 1 | . . . 1 . . Highest Temperature 216 | . 41 11 216 4 8 Average Temperature 21 | . 15 3 38 4 8 Received Heat Transfer 363 | . 204 9 60 . 90 Effects 1 | . . . 1 . . Interference 1 | . . . 1 . . Siege Activations . | . . . . . . Martial Activations . | . . . . . . Shielding Activations . | . . . . . . Robots Disrupted . | . . . . . . Combat Hostiles . | . . . . . . Robots Corrupted . | . . . . . . Combat Hostiles . | . . . . . . Parts Fried . | . . . . . . Impact Corruptions . | . . . . . . Robots Melted . | . . . . . . Combat Hostiles . | . . . . . . Parts Melted . | . . . . . . Heat Transferred 200 | 100 100 . . . . Parts Sabotaged . | . . . . . . Parts Stolen . | . . . . . . Parts Stripped . | . . . . . . Power Chain Reactions . | . . . . . . Alert | -11 -10 -9 -9 -9 -8 ------- Run | Yrd Mat Mat Min Exi Min Maximum Alert Level . | . . . . . . Low Security (%) 100 | 100 100 100 100 . 100 Level 1 . | . . . . . . Level 2 . | . . . . . . Level 3 . | . . . . . . Level 4 . | . . . . . . Level 5 . | . . . . . . High Security . | . . . . . . Max Security . | . . . . . . Peak Influence 193 | 10 142 82 193 . . Initial 35 | . . 35 30 . . Average 35 | 2 55 29 34 . . Influence Increases 811 | 15 232 124 440 . . Destroy 0b10 Robot/C 480 | . 120 60 300 . . Destroy 0b10 Robot/NC 70 | 15 30 10 15 . . Destroy Leader 100 | . 36 14 50 . . Successful Hack 10 | . . 10 . . . Disable Machine 45 | . 15 . 30 . . Destroy Structure 46 | . 1 . 45 . . Partial Spotted 15 | . . 15 . . . Lose Combat Pursuer 45 | . 30 15 . . . Influence Decreases 811 | 15 146 133 345 172 . Entered New Map 270 | . . 51 47 172 . Time Decay 511 | 15 136 82 278 . . Lost Part 30 | . 10 . 20 . . Squads Dispatched 1 | . 1 . . . . Investigation 1 | . 1 . . . . Extermination . | . . . . . . Reinforcement . | . . . . . . Assault . | . . . . . . Garrison . | . . . . . . Intercept . | . . . . . . Searches Triggered . | . . . . . . Construction Impeded . | . . . . . . Haulers Reinforced . | . . . . . . Active Scanning Responses . | . . . . . . Cargo Convoy Interrupts . | . . . . . . Stealth | -11 -10 -9 -9 -9 -8 --------- Run | Yrd Mat Mat Min Exi Min Distress Signals 3 | . 2 1 . . . Communications Jammed . | . . . . . . Distress Signals . | . . . . . . Times Spotted 46 | . 15 5 15 8 3 Peak Tracking Total 9 | . 4 5 4 9 3 Tactical Retreats 3 | . 2 1 . . . Traps | -11 -10 -9 -9 -9 -8 ------- Run | Yrd Mat Mat Min Exi Min Traps Triggered . | . . . . . . Indirectly . | . . . . . . Trap Hack Attempts . | . . . . . . Triggered . | . . . . . . Disarmed 1 | . 1 . . . . Reprogrammed . | . . . . . . Reused . | . . . . . . Traps Extracted . | . . . . . . Installed . | . . . . . . Triggered . | . . . . . . Machines | -11 -10 -9 -9 -9 -8 ---------- Run | Yrd Mat Mat Min Exi Min Machines Disabled 4 | . 1 . 2 1 . Max in Single Turn 2 | . 1 . 2 1 . Machines Repaired . | . . . . . . Machines Dismantled . | . . . . . . Machines Sabotaged . | . . . . . . Overloaded Fab Kills . | . . . . . . Hacking | -11 -10 -9 -9 -9 -8 --------- Run | Yrd Mat Mat Min Exi Min Machines Accessed 5 | . 3 2 . . . Terminals 5 | . 3 2 . . . Fabricators . | . . . . . . Repair Stations . | . . . . . . Recycling Units . | . . . . . . Scanalyzers . | . . . . . . Garrison Access . | . . . . . . Total Hacks 16 | . 11 5 . . . Successful 6 | . 4 2 . . . Failed 10 | . 7 3 . . . Catastrophic 3 | . 2 1 . . . Database Lockouts . | . . . . . . Manual . | . . . . . . Terminals 16 | . 11 5 . . . Fabricators . | . . . . . . Repair Stations . | . . . . . . Recycling Units . | . . . . . . Scanalyzers . | . . . . . . Garrison Access . | . . . . . . Terminal Hacks 6 | . 4 2 . . . Record 2 | . . 2 . . . Emergency Access Points 1 | . 1 . . . . Disarm Traps 1 | . 1 . . . . Hauler Manifests 1 | . 1 . . . . Zone Layout 1 | . 1 . . . . Fabricator Hacks . | . . . . . . Repair Station Hacks . | . . . . . . Recycling Unit Hacks . | . . . . . . Scanalyzer . | . . . . . . Garrison Access Hacks . | . . . . . . Unauthorized Hacks . | . . . . . . Terminals . | . . . . . . Fabricators . | . . . . . . Repair Stations . | . . . . . . Recycling Units . | . . . . . . Scanalyzers . | . . . . . . Garrison Access . | . . . . . . Data Cores Recovered . | . . . . . . Used . | . . . . . . Hacking Detections 5 | . 3 2 . . . Full Trace Events 3 | . 2 1 . . . Feedback Events 1 | . . 1 . . . Corruption 1 | . . 1 . . . Feedback Blocked . | . . . . . . Robot Schematics Acquired . | . . . . . . Robots Built . | . . . . . . Authchips . | . . . . . . Time . | . . . . . . Total Robot Build Rating . | . . . . . . Part Schematics Acquired . | . . . . . . Parts Built . | . . . . . . Authchips . | . . . . . . Time . | . . . . . . Total Part Build Rating . | . . . . . . Parts Repaired . | . . . . . . Time . | . . . . . . Parts Recycled . | . . . . . . Recycled Matter . | . . . . . . Retrieved Matter . | . . . . . . Retrieved Components . | . . . . . . Parts Scanalyzed . | . . . . . . Part Schematics Acquired . | . . . . . . Parts Damaged . | . . . . . . Bothacking | -11 -10 -9 -9 -9 -8 ------------ Run | Yrd Mat Mat Min Exi Min Used RIF Installer . | . . . . . . Robots Hacked . | . . . . . . Non-combat . | . . . . . . Combat . | . . . . . . Robot Hacks Applied . | . . . . . . Relay Couplers Released . | . . . . . . Fabnet Peak Effective % . | . . . . . . Robots Rewired . | . . . . . . Allies Hacked . | . . . . . . Hacks Repelled . | . . . . . . Allies | -11 -10 -9 -9 -9 -8 -------- Run | Yrd Mat Mat Min Exi Min Total Allies . | . . . . . . Largest Group . | . . . . . . Highest-Rated Group . | . . . . . . Highest-Rated Ally . | . . . . . . Total Orders . | . . . . . . Ally Attacks . | . . . . . . Total Damage . | . . . . . . Kills . | . . . . . . Allies Corrupted . | . . . . . . Allies Melted . | . . . . . . Intel | -11 -10 -9 -9 -9 -8 ------- Run | Yrd Mat Mat Min Exi Min Active Infowar (turns) 1070 | 1 363 226 480 . . Seismic 1070 | 1 363 226 480 . . Robot Analysis Total . | . . . . . . Derelict Logs Recovered 2 | . . . 2 . . Drone Launches . | . . . . . . Drone Recoveries . | . . . . . . Exploration | -11 -10 -9 -9 -9 -8 ------------- Run | Yrd Mat Mat Min Exi Min Turns Passed 2773 | 86 431 226 1836 107 87 Spaces Moved 1152 | 49 150 84 644 62 163 Core 192 | 7 . . . 22 163 Treads 876 | . 108 84 644 40 . Legs 84 | 42 42 . . . . Wheels . | . . . . . . Hover . | . . . . . . Flight . | . . . . . . Fastest Speed 50 | 50 120 240 240 50 50 Average Speed 214 | 110 188 240 270 172 50 Slowest Speed 480 | 120 320 240 480 240 50 Overloaded Moves . | . . . . . . Propulsion Burnouts . | . . . . . . Robots Hopped . | . . . . . . Potential Cave-ins . | . . . . . . Cave-ins Triggered . | . . . . . . Exploration Rate (%) 30 | 5 19 8 95 12 42 Regions Visited 5 Branch Regions 3 Pre-discovered Areas . | . . . . . . Known Exits Taken 2 | . . 1 1 . . Unknown Exits Taken 3 | 1 1 . . 1 . Scrap Searched 1 | . . . 1 . . Spaces Dug . | . . . . . . Terrain Destroyed 56 | . . . 56 . . Melee . | . . . . . . Projectile . | . . . . . . AOE 56 | . . . 56 . . Terrain Rammed . | . . . . . . Walls Destroyed . | . . . . . . Machines Disabled . | . . . . . . Actions | -11 -10 -9 -9 -9 -8 --------- Run | Yrd Mat Mat Min Exi Min Total 1324 | 71 230 97 697 61 168 Wait 33 | . 18 1 14 . . Move 1147 | 48 149 83 643 61 163 Hop . | . . . . . . Pick Up 27 | 11 10 3 3 . . Fast Attach 1 | . 1 . . . . Attach 14 | 7 1 2 4 . . Detach . | . . . . . . Swap 10 | . 5 . 5 . . Drop 4 | . 4 . . . . Fire 77 | 5 42 8 22 . . Melee . | . . . . . . Ram 5 | . . . . . 5 Kick . | . . . . . . Crush 6 | . . . 6 . . Escape Stasis . | . . . . . . Rewire . | . . . . . . Trap . | . . . . . . Miscellaneous . | . . . . . . Route ------- -11/Scrapyard -10/Materials -9/Materials -9/Mines (discovered 3 exits: *Mat x2 / *Exi) -9/Exiles -8/Mines History --------- Turn | Location | Event 33 | -11/Scrapyard | Discovered new exit (range 13) 87 | -11/Scrapyard | Entered Materials 295 | -10/Materials | Discovered new exit (range 13) 301 | -10/Materials | Build established: Mutant 518 | -10/Materials | Entered another Materials area 518 | -9/Materials | Evolved 2 slots: Propulsion x1, Utility x1 682 | -9/Materials | Discovered new exit (range 5) 694 | -9/Materials | Identified exit to Mines 744 | -9/Materials | Entered Mines 1045 | -9/Mines | Received a Rocket Launcher from a helpful Derelict 1776 | -9/Mines | Discovered new exit (range 6) 1785 | -9/Mines | Identified exit to Materials 2382 | -9/Mines | Discovered exit to Materials (range 15) 2568 | -9/Mines | Deemed a non-threat by the Exiles lab entrance 2570 | -9/Mines | Discovered new exit (range 5) 2577 | -9/Mines | Identified exit to Exiles 2580 | -9/Mines | Entered Exiles 2640 | -9/Exiles | Met 8R-AWN 2657 | -9/Exiles | Attacked by the Exiles 2676 | -9/Exiles | Released all parts (6) 2681 | -9/Exiles | Core integrity fell below 50% 2682 | -9/Exiles | Discovered new exit (range 14) 2687 | -9/Exiles | Entered Mines 2707 | -8/Mines | Lost 3 parts (1p1n1w) 2748 | -8/Mines | Core integrity fell below 20% 2774 | -8/Mines | Destroyed by G-47 Trooper with Particle Gun Last Messages --------------- 02676_ Released Huge Storage Unit. 02676_ Released Signal Interpreter. 02676_ Released Utility Shielding. 02676_ Released Autogun. 02677_ Penetrated by HV Slug. 02677_ HV Slug penetrates Wall. 02677_ HV Slug penetrates as-72676. 02677_ HV Slug penetrates Wall. 02678_ Rigged Nuclear Core explodes. 02680_ Rigged Lgt. Fission Core explodes. 02682_ EXIT=FOUND LOCATION=UNKNOWN GOAL=ESCAPE 02688_ K-01 Serf collects debris. 02700_ T-07 Excavator is excavating. 02732_ Slammed into T-07 Excavator. 02740_ T-07 Excavator knocked back. 02740_ Destabilizing: Core damaged (-4). 02742_ Slammed into T-07 Excavator. 02743_ Critical hit (Burn: +37). Map ----- +----------------------------------------------------+ | ????????????????????# ??????????###?## ##??????? | | ????????????????????# #??????????????# ##???????? | | ????????????????????# #??????????##### ########## | | ????????????????????# #?????????## ## | | ????????????????????# #????????## | | ????????????????????# #????????# ###### | | ????????????????????# #????????# ## ##????# | | ??????????????????### ###??????####?### ####?????? | | ?????????????????## ##????????????# #????????? | | ?????????????????# ##???????????# #???????## | | ?????????????????# #######?????# ##??????# | | ?????????????????# #????## ##?????# | | ?????????????????# ######## #????# ####### | | ?????????????????# ##??????# #???## | | ?????????????????## ##???????# ##### ### ## # | | ??????????????????# t##???????# #?# ## # | | ??????????????????# ##??????######## ##?# | | ??????????????????# ##?###????????## #?? | | ??????????????????# ## ##???????? #?? | | ??????????????????# #### #??## #??# | | ??????????????????## $ #??? ??# | | ???????????????????#### #### ##??# #?# | | ??????????????????????## ###????????## ?## | | ???????????????????????# #???????????# #?## | | ???????????????????????# #??????????? #??### | | ???????????????????????# @#??????????? #?????# | | ???????????????????????#g #??????????? #?????? | | ???????????????????????#g #??????????? #?????? | | ???????????????????????# #??????????? ?????? | | ?????????????????????###l #???????????### ??????? | | ????????????????????## #??????????????????????? | | ??????????######????# #??????????????????????? | | ?????????## ##??## #??????????????????????? | | ?????????# #??# ##??????????????????????? | | ?????????# #### #???????????????????????? | | ?????????# ## #???????????????????????? | | ????????## #???????????????????????? | | ???????## #???????????????????????? | | ??????## #### ##???????????????????????? | | ??????# ##??### ##????????????????????????? | | ??????# #?????## ##?????????????????????????? | | ??????# #??????####??????????????????????????? | | ??????## ##????????????????????????????????????? | | ???????#####?????????????????????????????????????? | | ?????????????????????????????????????????????????? | | ?????????????????????????????????????????????????? | | | | | | | | | +----------------------------------------------------+ Best States ------------- Heat Dissipation 28 Energy Generation 14 Energy Capacity 280 Matter Stores 300 Matter Capacity 300 Sight Range 16 Terrain Scan Density 10 Utility Shielding 33 Evasion (%) 55 Recoil Reduction 3 Item Schematics ----------------- None Robot Schematics ------------------ None Fabricated ------------ Nothing Repaired ---------- Nothing Alien Tech Used ----------------- None Achievements -------------- None Challenges ------------ None Game ------ Seed DirectedArcsightDevice Manual? 0 Play Time 00:12:32 Cumulative 27.5 hours Start 2025.05.29 @ 13:57:30 End 2025.05.29 @ 14:11:17 Sessions 1 Manual Loads 0 Difficulty Rogue Special Mode None Game No. 37 Rogue 37 Adventurer 0 Explorer 0 Win Type - Total 0 Types 0/0/0/0/0/0/0/0/0/0 Lore% 25 Gallery% 30 Achievement% 26 Wizard Run 0 Options --------- Layout 0 ASCII 0 Keyboard 0 Movement Mouse Keybinds 0 Fullscreen 1 Font 18/SmallcapsGlow Map View 76x50 Zoom Use 0% Tactical HUD 1 Map Filters NONE Filters NONE Steam 1 RUN: 6f81562a-44d1-4b27-b1dd-f3c59be5e3d0